 Dungeon Crawl Stone Soup version 0.17-a0-1572-g7a1422d (console) character file.

33538 Monkaria the Severer (level 13, -4/124 HPs)
             Began as a Deep Dwarf Berserker on July 25, 2015.
             Was an Elder of Trog.
             Killed from afar by a lindwurm (21 damage)
             ... with a blast of flame
             ... on level 13 of the Dungeon.
             The game lasted 00:53:04 (16392 turns).

Monkaria the Severer (Deep Dwarf Berserker)        Turns: 16392, Time: 00:53:04

Health: -4/124     AC: 24    Str: 25      XL:     13   Next: 37%
Magic:  10/10      EV: 17    Int:  1 (11) God:    Trog [****..]
Gold:   782        SH:  0    Dex: 14      Spells: 0 memorised, 12 levels left

rFire  . . .     SeeInvis .     T - +1 battleaxe
rCold  . . .     Rnd*Rage +     N - +3 chain mail
rNeg   . . .     SustAt   .     (no shield)
rPois  .         Gourm    .     g - +2 helmet
rElec  .         Spirit   .     k - +0 cloak
rCorr  .         Warding  .     f - +1 pair of gloves
rMut   .         Stasis   .     I - +0 pair of boots
MR     +....                    (no amulet)
Stlth  ..........               W - +3 ring of evasion
                                D - +3 ring of strength

@: brilliant, exhausted, non-regenerating, slowed, lost intelligence, very slow,
somewhat resistant to hostile enchantments, extremely unstealthy
A: damage resistance, recharge devices, rugged brown scales 1, berserk 1, dopey
1, mutation resistance 1, sense surroundings 2, slow healing 3, weak 1
a: Device Recharging, Burn Spellbooks, Berserk, Trog's Hand, Brothers in Arms,
Renounce Religion


You were on level 13 of the Dungeon.
You worshipped Trog.
Trog was greatly pleased with you.
You were very hungry.

You visited 3 branches of the dungeon, and saw 19 of its levels.
You also visited: Sewer.

You collected 1052 gold pieces.
You spent 270 gold pieces at shops.

Inventory:

Hand weapons
 u - a +1 trident of flaming
 T - a +1 battleaxe (weapon)
Missiles
 p - 70 poisoned needles
 r - 28 tomahawks (quivered)
 v - 8 poisoned javelins
 U - 4 javelins of penetration
Armour
 f - a +1 pair of gloves (worn)
 g - a +2 helmet (worn)
 k - a +0 cloak (worn)
 F - a +1 leather armour of cold resistance
 I - a +0 pair of boots (worn)
 N - a +3 chain mail (worn)
Jewellery
 i - an uncursed ring of magical power
 D - a +3 ring of strength (left hand)
 W - a +3 ring of evasion (right hand)
Magical devices
 c - a wand of heal wounds (5)
 y - a wand of flame (16)
 O - a wand of random effects (2)
 P - a wand of frost (8)
 X - a wand of fire (13)
 Y - a wand of confusion (16)
Scrolls
 a - 2 scrolls of fog
 l - a scroll of enchant armour
 m - 10 scrolls of remove curse
 s - 8 scrolls of teleportation
 x - a scroll of noise {unknown}
 B - 2 scrolls of blinking
 C - a scroll of magic mapping
 E - 2 scrolls of amnesia
 K - a scroll of immolation
Potions
 b - a potion of flight
 e - 6 potions of curing
 h - a potion of might
 j - a potion of heal wounds
 n - a potion of ambrosia
 o - 6 potions of agility
 q - 2 potions of invisibility
 w - 4 potions of lignification
 A - a potion of resistance {unknown}
 G - 3 potions of haste
 R - a potion of cure mutation {unknown}
Comestibles
 d - 13 bread rations
 t - a meat ration
 L - 6 fruits


   Skills:
 - Level 9.0 Fighting
 - Level 17.0 Axes
 + Level 10.7 Armour
 - Level 11.0 Dodging


You had 12 spell levels left.
You didn't know any spells.

Dungeon Overview and Level Annotations

Branches:
Dungeon (13/15)            Temple (1/1) D:4            Lair (5/8) D:10
    Orc (0/4) D:10
  Swamp: Lair:3-6    Shoals: Lair:3-6     Snake: Lair:3-6    Spider: Lair:3-6
 Vaults: D:13-14

Altars:
Ashenzari
Cheibriados
Dithmenos
Elyvilon
Fedhas
Gozag
Kikubaaqudgha
Makhleb
Nemelex Xobeh
Okawaru
Qazlal
Ru
Sif Muna
Trog
Vehumet
Xom
Yredelemnul
Zin
The Shining One

Shops:
D:5 *

Annotations:
Lair:4 exclusion: oklob plant


Innate Abilities, Weirdness & Mutations

You are resistant to damage.
You can recharge devices by infusing magical energy.
You passively map the area around you.
You do not heal naturally.
You are partially covered in rugged brown scales (AC +1, +3% HP).
You tend to lose your temper in combat.
You are dopey. (Int -2)
You are somewhat resistant to further mutation.
You are weak. (Str -2)


Message History

The lindwurm closely misses you.
The lindwurm claws you but does no damage.
The lindwurm bites you but does no damage.
The lindwurm claws you but does no damage. x2
Unknown command.
Read which item? (? for menu, Esc to quit)
You almost manage to decipher the scroll, but fail in this attempt.
The lindwurm barely misses you.
The lindwurm claws you but does no damage. x2
The lindwurm bites you!
* * * LOW HITPOINT WARNING * * *
The lindwurm misses you. The lindwurm barely misses you.
The lindwurm bites you.
The lindwurm claws you but does no damage.
The lindwurm claws you.
* * * LOW HITPOINT WARNING * * *
Unknown command.
The lindwurm breathes flames at you. The blast of flame hits you!
You die...

* * ,*
########## ,, *
* * ##########
** ,,
#.........
#.######## # *
*
###.#########.#
*
#^............#
,
#.#..####.....#
+ ** #@####
#.###+#* * * ,
, #..#,####.# ,
*,* ,, * ,
,##kk.#....# *
* , * ,
?"#.###..# , #
* , *
..##.###..# ,#
, ,*,, * , .#.
#....# *, ,# *
+ * **####
*#....####+## *
, #####......##
, #........


You could see 2 lindwurms.

Vanquished Creatures
  An ogre mage (D:12)
  The ghost of Keiner the Grappler, an experienced TrMo of Qazlal (D:7)
  6 hydras
  3 death yaks (Lair:4)
  2 centaur warriors (D:13)
  4 hill giants
  2 ugly things (D:11)
  A cyclops (D:12)
  A black mamba (Lair:3)
  A centaur zombie (D:12)
  Joseph (D:7)
  2 spiny frogs (Lair:1)
  A centaur skeleton (D:12)
  10 komodo dragons
  A fire drake (Lair:1)
  2 two-headed ogres
  3 polar bears
  A troll (D:12)
  Grinder (D:5)
  Prince Ribbit (D:8)
  6 blink frogs (Lair:4)
  A wraith (D:13)
  6 hippogriffs
  A deep elf fighter (D:10)
  A deep elf mage (D:13)
  2 spriggans
  A basilisk (Lair:3)
  A wyvern (D:11)
  3 yaks (D:12)
  Menkaure (D:5)
  2 vampire mosquitoes (D:13)
  Edmund (D:5)
  8 water moccasins
  A soldier ant (D:13)
  4 orc warriors
  Duvessa (D:5)
  10 phantoms
  4 ice beasts
  5 porcupines
  A sky beast (D:5)
  2 black bears
  19 centaurs
  A necrophage (D:10)
  16 ogres
  7 crocodiles
  A big kobold (D:7)
  17 giant frogs
  4 brain worms (D:13)
  2 gnoll sergeants
  A water moccasin zombie (D:7)
  3 scorpions
  5 troll zombies (D:10)
  Dowan (D:5)
  5 killer bees (D:10)
  4 jellies
  13 wights
  2 quasits
  A giant frog zombie (D:12)
  7 crimson imps
  16 orc wizards
  A giant frog skeleton (D:13)
  8 orc priests
  4 gnoll shamans (D:7)
  2 hounds
  6 iguanas
  7 worker ants
  7 sheep (Lair:3)
  3 ogre zombies (D:10)
  A hound zombie (D:10)
  3 hound skeletons
  2 worker ant zombies
  Robin (D:3)
  A river rat (Lair:4)
  10 adders
  19 gnolls
  A shadow imp (D:6)
  2 oozes
  2 adder zombies
  An adder skeleton (D:5)
  6 worms
  8 giant geckos
  51 orcs
  A ball python (D:1)
  A bat skeleton (D:4)
  3 giant cockroaches
  16 goblins
  14 hobgoblins
  16 kobolds
  5 quokkas
  28 bats
  A giant newt (D:2)
  4 goblin zombies (D:10)
  3 hobgoblin skeletons (D:10)
  2 hobgoblin zombies (D:10)
  7 jackals
  A jackal skeleton (D:8)
  An orc skeleton (D:10)
  13 orc zombies (D:10)
  A quokka skeleton (D:5)
  22 rats
  8 fungi
  2 plants
527 creatures vanquished.

Vanquished Creatures (others)
  An orc wizard (D:7)
  10 fungi
  3 plants
14 creatures vanquished.

Grand Total: 541 creatures vanquished

Notes
Turn   | Place    | Note
--------------------------------------------------------------
     0 | D:1      | Monkaria the Deep Dwarf Berserker began the quest for the Orb.
     0 | D:1      | Reached XP level 1. HP: 20/20 MP: 1/1
   197 | D:1      | Reached XP level 2. HP: 13/28 MP: 2/2
  1057 | D:2      | Found a faded altar to an unknown god.
  1066 | D:2      | Reached XP level 3. HP: 26/36 MP: 3/3
  1294 | D:2      | Reached skill level 4 in Fighting
  1588 | D:3      | Acquired Trog's second power
  1665 | D:3      | Found a blossoming altar of Fedhas.
  1719 | D:3      | Reached XP level 4. HP: 12/44 MP: 4/4
  1984 | D:3      | Found a snail-covered altar of Cheibriados.
  1984 | D:3      | Found a glowing silver altar of Zin.
  1984 | D:3      | Found a stormy altar of Qazlal.
  2137 | D:3      | Noticed Robin
  2146 | D:3      | Killed Robin
  2305 | D:3      | Reached skill level 5 in Axes
  2343 | D:3      | Reached XP level 5. HP: 30/50 MP: 5/5
  2371 | D:4      | Reached skill level 6 in Axes
  2444 | D:4      | Found a glowing drain.
  2447 | D:4      | Gained mutation: You are partially covered in rugged brown scales (AC +1, +3% HP). [potion of mutation]
  2447 | D:4      | Gained mutation: You are weak. (Str -2) [potion of mutation]
  2447 | D:4      | Gained mutation: You are somewhat resistant to further mutation. [potion of mutation]
  2449 | Sewer    | Entered a sewer
  2502 | Sewer    | Reached XP level 6. HP: 43/58 MP: 5/5
  2656 | D:4      | Found a shattered altar of Ashenzari.
  2710 | D:4      | Reached skill level 7 in Axes
  2754 | D:4      | Noticed an ogre
  2763 | D:4      | Killed an ogre
  2833 | D:4      | Noticed a phantom
  2860 | D:4      | Killed a phantom
  2860 | D:4      | Reached skill level 8 in Axes
  2860 | D:4      | Reached XP level 7. HP: 44/65 MP: 6/6
  2934 | D:4      | Found a staircase to the Ecumenical Temple.
  2953 | Temple   | Entered the Ecumenical Temple
  3360 | D:4      | Found a burning altar of Makhleb.
  3543 | D:5      | Entered Level 5 of the Dungeon
  3619 | D:5      | Reached skill level 9 in Axes
  3674 | D:5      | Noticed Menkaure
  3712 | D:5      | Killed Menkaure
  3747 | D:5      | Noticed Grinder
  3757 | D:5      | Paralysed by Grinder for 3 turns
  3768 | D:5      | Reached skill level 10 in Axes
  3768 | D:5      | Reached XP level 8. HP: 70/74 MP: 7/7
  3769 | D:5      | Killed Grinder
  3993 | D:5      | Noticed Dowan
  4001 | D:5      | Noticed Duvessa
  4006 | D:5      | Killed Dowan
  4013 | D:5      | Killed Duvessa
  4034 | D:5      | Reached skill level 5 in Armour
  4193 | D:5      | Found Uxokerph's Assorted Antiques.
  4198 | D:5      | Noticed Edmund
  4205 | D:5      | Bought a scroll labeled HIELIT LEASCHO for 27 gold pieces
  4205 | D:5      | Bought a scroll labeled MIDDEEL SULOC for 27 gold pieces
  4205 | D:5      | Bought a scratched garnet ring for 135 gold pieces
  4205 | D:5      | Bought a scroll labeled XEOSAH VOMULO for 27 gold pieces
  4205 | D:5      | Bought a scroll of identify for 54 gold pieces
  4332 | D:5      | Killed Edmund
  4422 | D:5      | Gained mutation: You passively map the area around you. [Deep Dwarf growth]
  4422 | D:5      | Reached XP level 9. HP: 46/80 MP: 8/8
  4735 | D:6      | HP: 4/120 [orc wizard/dagger of electrocution (18)]
  5559 | D:7      | Found a snail-covered altar of Cheibriados.
  5559 | D:7      | Noticed Keiner's ghost (experienced TrMo)
  5595 | D:6      | Reached skill level 11 in Axes
  5768 | D:7      | Reached skill level 12 in Axes
  5809 | D:7      | Found a bloodstained altar of Trog.
  5809 | D:7      | Found a white marble altar of Elyvilon.
  5868 | D:7      | Killed Keiner's ghost
  5868 | D:7      | Reached XP level 10. HP: 30/87 MP: 9/9
  5984 | D:7      | Reached skill level 13 in Axes
  6113 | D:7      | Noticed Joseph
  6134 | D:7      | Killed Joseph
  6382 | D:7      | Found a deep blue altar of Sif Muna.
  6619 | D:7      | Reached skill level 14 in Axes
  6728 | D:8      | Found an iron altar of Okawaru.
  6789 | D:8      | Found a burning altar of Makhleb.
  6860 | D:8      | Noticed Prince Ribbit
  6924 | D:8      | Gained mutation: You tend to lose your temper in combat. [potion of mutation]
  7110 | D:8      | Killed Prince Ribbit
  7196 | D:9      | Found a basalt altar of Yredelemnul.
  7358 | D:9      | Acquired Trog's third power
  7783 | D:9      | Reached skill level 15 in Axes
  8125 | D:10     | Entered Level 10 of the Dungeon
  8127 | D:10     | Noticed a hill giant
  8142 | D:10     | Killed a hill giant
  8184 | D:10     | Reached XP level 11. HP: 44/94 MP: 9/9
  8251 | D:10     | Noticed a hill giant
  8252 | D:10     | Received a gift from Trog
  8267 | D:10     | Killed a hill giant
  8463 | D:10     | Found a basalt altar of Yredelemnul.
  8698 | D:10     | Reached skill level 16 in Axes
  8822 | D:10     | Found a staircase to the Orcish Mines.
  9202 | D:10     | Found a staircase to the Lair.
  9402 | Lair:1   | Entered Level 1 of the Lair of Beasts
  9901 | Lair:1   | Reached skill level 17 in Axes
 10203 | Lair:2   | Got a spiked ring mail
 10214 | Lair:2   | Identified the +0 ring mail of Devotion {*Contam rF+++ rC+ Int+4} (You found it on level 2 of the Lair of Beasts)
 10536 | Lair:2   | Received a gift from Trog
 10536 | Lair:2   | Reached skill level 5 in Fighting
 11031 | Lair:2   | Noticed a seven-headed hydra
 11048 | Lair:2   | Killed a seven-headed hydra
 11216 | Lair:3   | Noticed a seven-headed hydra
 11445 | Lair:3   | Identified the Collected Works on Freezing Conjuration
 11483 | Lair:3   | Noticed a four-headed hydra
 11508 | Lair:3   | Killed a four-headed hydra
 11508 | Lair:3   | Reached XP level 12. HP: 61/112 MP: 10/10
 11868 | Lair:3   | Killed a seven-headed hydra
 12206 | Lair:4   | Noticed a six-headed hydra
 12749 | Lair:4   | Reached skill level 5 in Dodging
 13294 | Lair:4   | Killed a six-headed hydra
 13366 | Lair:5   | Noticed a catoblepas
 13438 | Lair:5   | HP: 5/117 [komodo dragon (25)]
 13505 | Lair:3   | Gained mutation: You are dopey. (Int -2) [mutagenic glow]
 14839 | D:12     | Noticed an ogre mage
 14849 | D:12     | Killed an ogre mage
 14863 | D:12     | Reached skill level 10 in Dodging
 14863 | D:12     | Reached XP level 13. HP: 28/124 MP: 10/10
 14951 | D:12     | Found a sparkling altar of Nemelex Xobeh.
 14963 | D:12     | Noticed a four-headed hydra
 14977 | D:12     | Killed a four-headed hydra
 15605 | D:12     | Noticed a seven-headed hydra
 15617 | D:12     | Killed a seven-headed hydra
 16102 | D:13     | Reached skill level 10 in Armour
 16362 | D:13     | Lost intelligence.
 16392 | D:13     | Killed from afar by a lindwurm

Vault maps used:
D:1:      sevenhm_arrival_forest_fort_large_4
D:2:      ecumenical_altar_2, wad_floor_pattern_2
D:3:      fedhas_altar_2, gammafunk_temple_overflow_forgotten, first_bread,
          kennysheep_generic_room_15, uniq_robin
D:4:      overflow_temple_1_default, minmay_temple_entry_nine_rooms,
          lightli_sewer_entry_pipes, makhleb_heckhound_becter
D:5:      serial_shops, kennysheep_mini_moat, serial_bayou_ford_a,
          nrook_mini_vaults, uniq_grinder, uniq_duvessa, uniq_edmund,
          uniq_menkaure
D:6:      st_stairs_13
D:7:      kennysheep_seaside_town, grunt_temple_overflow_open, the_bakery,
          cheibriados_altar_1, uniq_joseph
D:8:      kennysheep_mini, lemuel_crystal_altar, uniq_prince_ribbit1
D:9:      overflow_temple_1_default, nooodl_food_tri
D:10:     grunt_lair_entry_elf_guard_hut, zombieorc2_lemuel, basic_altar,
          grunt_decor_mini_mirrors
D:11:     grunt_ministairs_12
D:12:     st_stairs_5, nemelex_deck
D:13:     minmay_tree_intersection, hangedman_parallel_progression, uniq_azrael
Temple:   minmay_temple_bridge_a_8
Lair:2:   grunt_forest_large_clearing_hut, bh_autumn_forest_stairs
Lair:3:   lemuel_fruit_fields, grunt_megastairs_3
Lair:4:   beast_lair_carwin_3
Lair:5:   minmay_swamp_entry_eels, lemuel_fruit_tree, grunt_megastairs_2,
          lemuel_fruit_fields, serial_bayou_shore_b, uniq_rupert, uniq_maud
Sewer:    sewer_big_baddie

Action                   |  1- 3 |  4- 6 |  7- 9 | 10-12 | 13-15 || total
-------------------------+-------+-------+-------+-------+-------++-------
Melee: Hand axe          |   150 |   179 |   449 |       |       ||   778
       War axe           |       |       |    87 |   543 |       ||   630
       Battleaxe         |       |       |       |   436 |    57 ||   493
       Trident           |       |       |       |    75 |   136 ||   211
Throw: Tomahawk          |       |       |       |       |     5 ||     5
Invok: Trog's Hand       |       |     8 |    20 |    40 |     8 ||    76
       Berserk           |       |     4 |    14 |    24 |     6 ||    48
       Burn Spellbooks   |       |       |       |     4 |     1 ||     5
 Abil: Device Recharging |       |     1 |       |     2 |       ||     3
Evoke: Wand              |     1 |     6 |     5 |    33 |     1 ||    46
  Use: Scroll            |       |     7 |     8 |    16 |       ||    31
       Potion            |       |     1 |       |     9 |     2 ||    12
 Stab: Sleeping          |     1 |       |       |       |       ||     1
  Eat: Chunk             |     3 |     9 |    24 |    62 |    11 ||   109
       Royal jelly       |       |       |     1 |       |       ||     1
       Beef jerky        |       |       |       |     3 |       ||     3
       Pizza             |       |       |       |     2 |       ||     2
       Fruit             |       |       |       |     1 |     2 ||     3
